 Dungeon Crawl Stone Soup version 0.21.1-35-gfefc1aa2bb (webtiles) character file.

5245 Osmon the Cleaver (level 10, -4/91 HPs)
             Began as a Minotaur Berserker on Aug 1, 2018.
             Was an Elder of Trog.
             Hit by a large rock thrown by a cyclops (30 damage)
             ... on level 8 of the Dungeon.
             The game lasted 00:45:16 (4925 turns).

Osmon the Cleaver (Minotaur Berserker)              Turns: 4925, Time: 00:45:17

Health: -4/91      AC: 12    Str: 22    XL:     10   Next: 36%
Magic:  0/9        EV: 12    Int:  4    God:    Trog [****..]
Gold:   471        SH:  5    Dex: 13    Spells: 9/9 levels left

rFire    . . .     SeeInvis +   a - +0 hand axe
rCold    . . .     Gourm    .   k - +0 buckler
rNeg     . . .     Faith    .   B - +1 chain mail {rPois}
rPois    +         Spirit   +   (helmet restricted)
rElec    .         Reflect  .   (no cloak)
rCorr    .         Harm     .   (no gloves)
MR       .....                  (no boots)
Stlth    ..........             u - amulet of guardian spirit
HPRegen  0.25/turn              t - ring of see invisible
MPRegen  0.11/turn              w - +1 ring of evasion

@: berserk cooldown, slowed, very slow
A: retaliatory headbutt, horns 2
a: Berserk, Trog's Hand, Brothers in Arms, Burn Spellbooks, Renounce Religion


You were on level 8 of the Dungeon.
You worshipped Trog.
Trog was greatly pleased with you.
You were not hungry.

You visited 1 branch of the dungeon, and saw 8 of its levels.

You collected 471 gold pieces.

Inventory:

Hand Weapons
 a - a +0 hand axe (weapon)
 b - a +0 longbow
 K - a +0 halberd
Missiles
 F - a throwing net
 L - 20 arrows (quivered)
Armour
 h - a +3 ring mail
 k - a +0 buckler (worn)
 B - a +1 chain mail of poison resistance (worn)
Magical Staves
 J - an uncursed staff of wizardry {unknown}
Jewellery
 l - an uncursed ring of loudness
 t - a ring of see invisible (left hand)
 u - an amulet of guardian spirit (around neck)
 w - a +1 ring of evasion (right hand)
Wands
 E - a wand of paralysis (25)
Scrolls
 i - 2 scrolls of fear
 j - a scroll of fog
 m - a scroll of blinking
 o - 5 scrolls of teleportation
 p - a scroll of noise
 y - 4 scrolls of amnesia
 z - 3 scrolls of remove curse
 H - a scroll of identify
 I - a scroll of immolation {unknown}
Potions
 d - a potion of berserk rage
 e - 2 potions of brilliance
 f - a potion of curing
 g - 3 potions of lignification
 n - 3 potions of magic
 q - a potion of cancellation {unknown}
 r - a potion of resistance
 s - a potion of ambrosia {unknown}
 v - a potion of agility {unknown}
 x - a potion of might {unknown}
 A - a potion of haste {unknown}
 D - a potion of degeneration {unknown}
Books
 C - a book of Maledictions

   Spells                             Type                      Level
   a - Corona                         Hexes                        1
   b - Ensorcelled Hibernation        Hexes/Ice                    2
   c - Confuse                        Hexes                        3
   d - Tukima's Dance                 Hexes                        3
   e - Dazzling Spray                 Conjuration/Hexes            3
   Trog disapproves of the use of such an item.
Comestibles
 c - 15 rations
 G - 10 chunks of flesh


   Skills:
 + Level 9.4 Fighting
 + Level 11.0(11.2) Axes
 + Level 3.1(7.8) Polearms
 + Level 9.7 Armour
 + Level 5.7 Dodging
 + Level 1.2 Stealth
 + Level 3.8 Shields
 + Level 0.2 Evocations


You had 9 spell levels left.
You didn't know any spells.

Dungeon Overview and Level Annotations

Branches:
Dungeon (8/15)             Temple (0/1) D:4            Lair (0/6) D:8

Altars:
Ashenzari
Dithmenos
Ru
Uskayaw
The Shining One

Shops:
D:6 [

Annotations:
D:6 Shop


Innate Abilities, Weirdness & Mutations

You reflexively headbutt those who attack you in melee.
You have a pair of horns on your head.


Message History

b - an uncursed longbow;
K - a +0 halberd Unknown command.
Eat one of 11 chunks of flesh? (ye/n/q)
You eat one of the 11 chunks of flesh.
This raw flesh tastes terrible.
You eat one of the 16 rations.
That ration really hit the spot!
You can't wield that with a shield.
Quivering
L - 20 arrows for throwing.
You can't wield that with a shield.
You can't wield that with a shield.
Found a scroll of identify.
H - a scroll of identify A cyclops comes into view.
The cyclops shouts!
Found 11 gold pieces.
The cyclops throws a large rock.
The large rock hits you!!
* * * LOW HITPOINT WARNING * * *
You see here a large rock.
The cyclops throws a large rock.
The large rock closely misses you.
The cyclops throws a large rock.
The large rock hits you!!
You die...

..$ ##%######.## ###
#C# #.# #.# ..# #.#
#.# #.# #.# ... ###
#.# #.# #.# ###.# #.#
##.## ###### #.#.#
#.# ###.(.# #...(#
#.#.## #.#
#.##.#####.#####.#...
#.######
#.##@##.##.##(##.#..#
#......####
#....)).......##.#..#
#######...#
#)##.##(##.##.##.#..#
##.## ####.#####.##
##.#..# #.# ... #...#
#....# #.#
########.#####.####
#.# #.##Z##.##.# #.#
#....%...'.# #.#
#(##%##.####


You could see a cyclops.

Vanquished Creatures
  A centaur warrior (D:8)
  A two-headed ogre (D:8)
  A troll (D:8)
  A hippogriff (D:8)
  Sigmund (D:5)
  A wraith (D:8)
  A yak (D:8)
  Menkaure (D:7)
  Duvessa (D:4)
  2 water moccasins (D:8)
  3 porcupines (D:8)
  3 phantoms
  A black bear (D:8)
  A sky beast (D:7)
  4 ogres
  A centaur (D:8)
  A crocodile (D:8)
  7 bullfrogs
  3 scorpions (D:8)
  Dowan (D:4)
  A howler monkey (D:8)
  2 crimson imps
  7 hounds
  3 orc wizards
  An orc priest (D:8)
  2 iguanas (D:6)
  2 worker ants
  A hound zombie (D:8)
  8 gnolls
  4 adders
  4 shadow imps
  2 oozes
  2 adder zombies
  3 worms
  2 dart slugs
  2 leopard geckos
  14 orcs
  A ball python (D:2)
  11 giant cockroaches
  14 goblins
  10 hobgoblins
  7 jackals (D:3)
  11 kobolds
  5 quokkas
  8 bats
  7 frilled lizards
  A jackal skeleton (D:4)
  8 rats
  2 fungi (D:8)
181 creatures vanquished.

Vanquished Creatures (others)
  11 fungi (D:8)
  A plant (D:8)
12 creatures vanquished.

Grand Total: 193 creatures vanquished

Notes
Turn   | Place    | Note
-------+----------+-------------------------------------------
     0 | D:1      | Osmon the Minotaur Berserker began the quest for the Orb.
     0 | D:1      | Reached XP level 1. HP: 19/19 MP: 0/0
   103 | D:1      | Reached skill level 4 in Axes
   103 | D:1      | Reached XP level 2. HP: 25/27 MP: 1/1
   242 | D:1      | Found a shattered altar of Ashenzari.
   924 | D:2      | Reached XP level 3. HP: 19/33 MP: 2/2
   936 | D:2      | Reached ** piety under Trog
   936 | D:2      | Reached skill level 5 in Axes
   936 | D:2      | Reached XP level 4. HP: 35/41 MP: 3/3
  1170 | D:2      | Noticed an ogre
  1180 | D:2      | Killed an ogre
  1180 | D:2      | Reached skill level 6 in Axes
  1180 | D:2      | Reached XP level 5. HP: 44/47 MP: 4/4
  1345 | D:2      | Noticed a dagger
  1378 | D:2      | Noticed a dagger
  1381 | D:2      | Found a hide-covered altar of Uskayaw.
  1662 | D:3      | Reached XP level 6. HP: 48/55 MP: 5/5
  1772 | D:3      | Reached *** piety under Trog
  1910 | D:3      | Reached skill level 5 in Fighting
  2418 | D:4      | Noticed Duvessa
  2418 | D:4      | Noticed Dowan
  2427 | D:4      | Killed Dowan
  2433 | D:4      | Killed Duvessa
  2433 | D:4      | Reached skill level 7 in Axes
  2433 | D:4      | Reached XP level 7. HP: 54/61 MP: 6/6
  2497 | D:4      | Found a staircase to the Ecumenical Temple.
  2745 | D:4      | Reached skill level 1 in Polearms
  2780 | D:4      | Found a glowing golden altar of the Shining One.
  2833 | D:4      | Found a shadowy altar of Dithmenos.
  3010 | D:5      | Entered Level 5 of the Dungeon
  3179 | D:5      | Noticed Sigmund
  3201 | D:5      | Killed Sigmund
  3201 | D:5      | Reached **** piety under Trog
  3201 | D:5      | Reached skill level 5 in Armour
  3201 | D:5      | Reached XP level 8. HP: 62/70 MP: 7/7
  3409 | D:5      | Reached skill level 8 in Axes
  3528 | D:6      | Found Egoek's Armour Emporium.
  3654 | D:6      | Found a sacrificial altar of Ru.
  3992 | D:7      | Noticed Menkaure
  4004 | D:7      | Killed Menkaure
  4301 | D:8      | Reached XP level 9. HP: 79/81 MP: 6/8
  4306 | D:8      | Reached skill level 9 in Axes
  4356 | D:8      | Found a staircase to the Lair.
  4369 | D:8      | Reached skill level 1 in Shields
  4373 | D:8      | Reached skill level 1 in Stealth
  4678 | D:8      | Reached skill level 10 in Axes
  4766 | D:8      | Reached skill level 5 in Dodging
  4798 | D:8      | Noticed a troll
  4831 | D:8      | Killed a troll
  4880 | D:8      | Noticed a two-headed ogre
  4893 | D:8      | Noticed a centaur warrior
  4893 | D:8      | Reached XP level 10. HP: 91/91 MP: 6/9
  4896 | D:8      | Killed a two-headed ogre
  4901 | D:8      | Killed a centaur warrior
  4901 | D:8      | Reached skill level 11 in Axes
  4922 | D:8      | Noticed a cyclops
  4925 | D:8      | Hit by a large rock thrown by a cyclops

Skill      XL: |  1  2  3  4  5  6  7  8  9 10 |
---------------+-------------------------------+-----
Axes           | 4 5 6 7 8 10 11 | 11.0
Fighting       | 4 5 6 8 9 |  9.4
Armour         | 3 5 7 9 |  9.7
Dodging        | 3 4 5 |  5.7
Polearms       | 2 3 |  3.1
Shields        | 2 3 |  3.8
Stealth        | 1 |  1.2
Evocations     | |  0.2

Action                   |  1- 3 |  4- 6 |  7- 9 | 10-12 || total
-------------------------+-------+-------+-------+-------++-------
Melee: Hand axe          |    53 |   117 |   295 |     7 ||   472
       Headbutt          |     8 |    22 |    61 |     4 ||    95
       Halberd           |       |    21 |     6 |       ||    27
Invok: Berserk           |     1 |     2 |     9 |       ||    12
       Trog's Hand       |       |       |     5 |       ||     5
Evoke: Wand              |       |       |     1 |       ||     1
  Use: Scroll            |     2 |       |    13 |       ||    15
  Eat: Chunk             |       |     7 |     8 |     1 ||    16
       Ration            |       |       |     3 |     1 ||     4
Armor: Ring mail         |    19 |    15 |       |       ||    34
       Scale mail        |       |    38 |       |       ||    38
       Chain mail        |       |       |   105 |       ||   105
Dodge: Dodged            |    34 |    91 |   144 |     4 ||   273
Block: Buckler           |       |       |    37 |       ||    37
